 Dungeon Crawl Stone Soup version 0.24.0-123-gd5b16e6ec5 (webtiles) character file.

Game seed: 4601220165308533044, levelgen mode: deterministic

158 Chiseanne the Skirmisher (level 5, -6/44 HPs)
             Began as a Demonspawn Warper on Jan 10, 2020.
             Engulfed by Ijyb's flame (12 damage)
             ... on level 4 of the Dungeon.
             The game lasted 00:03:21 (3089 turns).

Chiseanne the Skirmisher (Demonspawn Warper)        Turns: 3089, Time: 00:03:21

Health: -6/44      AC:  4    Str: 12 (13) XL:     5   Next: 16%
Magic:  8/8        EV: 12    Int: 13 (14) God:
Gold:   118        SH:  0    Dex: 10 (12) Spells: 8/8 levels left

rFire    + . .     SeeInvis .   a - +0 falchion
rCold    . . .     Gourm    .   (no shield)
rNeg     . . .     Faith    .   b - +0 leather armour
rPois    .         Spirit   .   (no helmet)
rElec    .         Reflect  .   (no cloak)
rCorr    .         Harm     .   m - +0 pair of gloves
MR       .....                  (no boots)
Stlth    +.........             (no amulet)
HPRegen  0.14/turn              p - ring of protection from fire
MPRegen  0.11/turn              (no ring)

@: lethally poisoned (-6 -> -9), about to teleport, very slightly contaminated,
hasted, very quick
A: powered by pain 1, spiny 1, sturdy frame 1
a: no special abilities


You were on level 4 of the Dungeon.
You were not hungry.

You visited 1 branch of the dungeon, and saw 5 of its levels.

You collected 118 gold pieces.

Inventory:

Hand Weapons
 a - a +0 falchion (weapon)
 h - a +1 mace of protection
Missiles
 c - 119 stones
 e - 6 boomerangs of dispersal (quivered)
 l - 12 poisoned darts
 n - 14 sling bullets
 s - 6 silver boomerangs
 t - 17 bolts
Armour
 b - a +0 leather armour (worn)
 m - a +0 pair of gloves (worn)
Jewellery
 i - an uncursed amulet of rage {unknown}
 p - a ring of protection from fire (left hand)
Potions
 g - 3 potions of magic
 o - a potion of haste
 r - a potion of berserk rage {unknown}
Comestibles
 f - 6 rations


   Skills:
 + Level 5.4 Fighting
 - Level 1.7 Long Blades
 - Level 0.8 Throwing
 - Level 0.8 Armour
 - Level 1.7 Dodging
 - Level 2.0 Spellcasting
   Level 2.6 Translocations


You had 8 spell levels left.
You didn't know any spells.
Your spell library contained the following spells:

 Spells                   Type           Power        Failure   Level  Hunger
 Blink                    Tloc           N/A          13%         2    ###....
 Shroud of Golubria       Chrm/Tloc      #.....       22%         2    ###....
 Gell's Gravitas          Tloc           #.........   26%         3    ####...
 Lesser Beckoning         Tloc           #.........   26%         3    ####...
 Teleport Other           Tloc           #.......     26%         3    ####...
 Passage of Golubria      Tloc           N/A          65%         4    #####..


Dungeon Overview and Level Annotations

Branches:
Dungeon (5/15)             Temple (0/1) D:5

Altars:
Ashenzari
Cheibriados

Annotations:
D:3 Grinder
D:4 Ijyb


Innate Abilities, Weirdness & Mutations

You sometimes gain a little power by taking damage.
You are partially covered in sharp spines.
Your movements are slightly less encumbered by armour. (ER -2)


Message History

It was a potion of magic.
Magic courses through your body.
Ijyb zaps a wand.
Ijyb creates a blast of flame!
As you read the scroll labeled LAV UGELUEZI, it crumbles to dust.
You feel strangely unstable.
It was a scroll of teleportation.
You are engulfed in blazing flames.
You resist.
* * * LOW HITPOINT WARNING * * *
You feel sick. Ijyb barely misses you.
It was a potion of heal wounds.
You feel much better.
You are engulfed in blazing flames.
You resist. Ijyb barely misses you.
It was a potion of degeneration.
There was something very wrong with that liquid.
You feel weakened.
You feel dopey.
You feel clumsy.
You are engulfed in blazing flames.
You resist.
* * * LOW HITPOINT WARNING * * *
You feel sick. Ijyb closely misses you.
You riposte.
You hit Ijyb but do no damage.
Ijyb is almost dead.
It was a potion of haste.
You feel yourself speed up.
You are engulfed in blazing flames.
You resist.
You die...

.....>.w....##.# #. ##..........
...?...o.?.......##.##...........
#.....ho.#.##..#.....#...........
##...##.o##.#...# #..............
###) #..#.## #..##.##...........
#. #Oh##.# #....##........... #.
#... .. #............... #. #..#.
##§###...###.........
##.#.##§§§@gZ.## ###.####.. #..
#.§§###)$.# .# ##....# #)#..# .#
..# #§##..# . #§# #..# §§# #...
#.§# #..# ##.# ... #.# .o


You could see Ijyb and a hound zombie.

Vanquished Creatures
  A howler monkey (D:4)
  2 hounds (D:5)
  A shadow imp (D:5)
  An ooze (D:2)
  3 worms (D:2)
  A dart slug (D:1)
  3 orcs (D:4)
  2 bats (D:2)
  4 giant cockroaches
  2 goblins (D:1)
  5 hobgoblins
  5 jackals
  A frilled lizard (D:2)
  4 kobolds
  A rat (D:2)
36 creatures vanquished.

Notes
Turn   | Place    | Note
-------+----------+-------------------------------------------
     0 | D:1      | Chiseanne the Demonspawn Warper began the quest for the
                  | Orb.
     0 | D:1      | Reached XP level 1. HP: 16/16 MP: 3/3
   297 | D:1      | Gained mutation: Your movements are slightly less
                  | encumbered by armour. (ER -2) [demonic ancestry]
   297 | D:1      | Reached XP level 2. HP: 23/23 MP: 5/5
   489 | D:1      | Reached skill level 3 in Fighting
   890 | D:2      | Found a shattered altar of Ashenzari.
  1082 | D:2      | Gained mutation: You sometimes gain a little power by
                  | taking damage. [demonic ancestry]
  1082 | D:2      | Reached XP level 3. HP: 18/29 MP: 6/6
  2017 | D:3      | Noticed Grinder
  2027 | D:4      | Reached skill level 4 in Fighting
  2027 | D:4      | Reached XP level 4. HP: 28/38 MP: 7/7
  2041 | D:4      | Noticed an ogre
  2046 | D:5      | Entered Level 5 of the Dungeon
  2200 | D:5      | Reached skill level 5 in Fighting
  2407 | D:5      | Found a snail-covered altar of Cheibriados.
  2413 | D:5      | Found a staircase to the Ecumenical Temple.
  2702 | D:5      | Gained mutation: You are partially covered in sharp spines.
                  | [demonic ancestry]
  2702 | D:5      | Reached XP level 5. HP: 5/44 MP: 8/8
  3044 | D:5      | Noticed an ice beast
  3073 | D:4      | Noticed Ijyb
  3089 | D:4      | Engulfed by Ijyb's flame

Levels and vault maps discovered:
D:1:      minmay_arrival_doors, layout_rooms
D:2:      layout_basic, nicolae_overflow_crystal_walls
D:3:      layout_rooms, old_standard_altar, first_ration, uniq_sigmund,
          uniq_grinder
D:4:      layout_rooms, regret_index_temple_of_mockery, lemuel_doored_altar,
          minmay_misc_feat_tiny, feat_on_display, uniq_ijyb
D:5:      layout_basic, eat_drink_and_be_merry_uskayaw, temple_statues,
          nrook_pool_corridor, cheibriados_altar_1

Skill      XL: |  1  2  3  4 |
---------------+-------------+-----
Fighting       | 3 4 5 |  5.4
Long Blades    | |  1.7
Throwing       | |  0.8
Armour         | |  0.8
Dodging        | |  1.7
Spellcasting   | |  2.0
Translocations | |  2.6

Action                   |  1- 3 |  4- 6 || total
-------------------------+-------+-------++-------
Melee: Falchion          |   104 |    63 ||   167
  Use: Scroll            |     3 |     2 ||     5
       Potion            |       |     4 ||     4
  Eat: Chunk             |     4 |       ||     4
       Ration            |       |     1 ||     1
Armor: Leather armour    |    32 |    20 ||    52
Dodge: Dodged            |    74 |    56 ||   130
       Rpst.: Falchion   |    28 |    21 ||    49
